 Dungeon Crawl Stone Soup version 0.17-a0-1920-gafa4d75 (webtiles) character file.

11 4thArraOfDagon the Sneak (level 2, 0/22 HPs)
             Began as a Mummy Assassin on Sept 27, 2015.
             Killed from afar by an orc wizard (9 damage)
             ... with a magic dart
             ... on level 4 of the Dungeon.
             The game lasted 00:01:58 (312 turns).

4thArraOfDagon the Sneak (Mummy Assassin)            Turns: 312, Time: 00:01:58

Health: 0/22       AC:  3    Str: 14    XL:     2   Next: 17%
Magic:  2/2        EV: 11    Int: 10    God:
Gold:   78         SH:  0    Dex: 13    Spells: 0 memorised, 1 level left

rFire  x . .     SeeInvis .     b - +0 blowgun
rCold  + . .     Clarity  .     c - +0 robe
rNeg   + + +     SustAt   .     (no shield)
rPois  ∞         Gourm    .     (no helmet)
rElec  .         Spirit   .     d - +0 cloak
rCorr  .         Warding  .     (no gloves)
rMut   .         Stasis   .     (no boots)
MR     .....                    (no amulet)
Stlth  ++........               (no ring)
                                (no ring)

@: not resistant to hostile enchantments, unstealthy
A: no food or potions, fire vulnerability, cold resistance 1, negative energy
resistance 3, torment resistance, unbreathing
a: no special abilities


You were on level 4 of the Dungeon.
You were not hungry.

You visited 1 branch of the dungeon, and saw 4 of its levels.

You collected 78 gold pieces.

Inventory:

Hand weapons
 a - a +2 dagger
 b - a +0 blowgun (weapon)
Missiles
 e - 2 poisoned needles (quivered)
 f - 2 curare-tipped needles
Armour
 c - a +0 robe (worn)
 d - a +0 cloak (worn)
Magical devices
 i - a wand of fire (5)
Scrolls
 g - a scroll of random uselessness {unknown}
 h - a scroll of teleportation {unknown}


   Skills:
 + Level 2.2 Fighting
 - Level 1.5 Short Blades
 - Level 1.5 Throwing
 * Level 1.2 Armour
 - Level 0.7 Dodging
 - Level 3.2 Stealth


You had one spell level left.
You didn't know any spells.

Dungeon Overview and Level Annotations

Branches:
Dungeon (4/15)
 Temple: D:4-7

Altars:

Annotations:
D:2 Grinder


Innate Abilities, Weirdness & Mutations

You do not eat or drink.
Your flesh is vulnerable to fire.
You are immune to poison.
Your flesh is cold resistant.
You are immune to negative energy.
You are immune to unholy pain and torment.
You can survive without breathing.


Message History

Press: ? - help, Shift-Dir - straight line, f/p - orc wizard
Aim: an orc wizard, wielding a dagger and wearing a robe (heavily wounded, poisoned)
You shoot a poisoned needle.
The poisoned needle barely misses the orc wizard.
Firing (i - inventory. (,) - cycle):
e - 4 poisoned needles (quivered)
Press: ? - help, Shift-Dir - straight line, f/p - orc wizard
Aim: an orc wizard, wielding a dagger and wearing a robe (heavily wounded, poisoned)
You shoot a poisoned needle.
The poisoned needle barely misses the orc wizard.
The orc wizard looks more healthy.
Firing (i - inventory. (,) - cycle):
e - 3 poisoned needles (quivered)
Press: ? - help, Shift-Dir - straight line, f/p - orc wizard
Aim: an orc wizard, wielding a dagger and wearing a robe (heavily wounded)
You shoot a poisoned needle.
The poisoned needle hits the orc wizard!
The orc wizard is poisoned.
The orc wizard is heavily wounded.
The orc wizard points at you and mumbles some strange words.
The magic dart hits you!
You die...

#.####.....#
#####.# #.#
#.# #.# #.#
#.# #.#
#@########
#..)o((.(#
########...(.
#..


You could see an orc wizard.

Vanquished Creatures
  A worm (D:3)
  2 orcs (D:4)
  A giant cockroach (D:2)
  A hobgoblin (D:1)
  A giant newt (D:1)
  A quokka skeleton (D:4)
7 creatures vanquished.

Notes
Turn   | Place    | Note
--------------------------------------------------------------
     0 | D:1      | 4thArraOfDagon the Mummy Assassin began the quest for the Orb.
     0 | D:1      | Reached XP level 1. HP: 16/16 MP: 1/1
   127 | D:3      | Noticed Grinder
   133 | D:2      | Paralysed by Grinder for 5 turns
   183 | D:3      | Reached skill level 1 in Armour
   293 | D:4      | Reached XP level 2. HP: 22/22 MP: 2/2
   301 | D:4      | Noticed an orc wizard
   312 | D:4      | Killed from afar by an orc wizard

Vault maps used:
D:1:      minmay_arrival_stair_chambers
D:2:      gammafunk_temple_overflow_elements, overflow_temple_1_default,
          serial_glass, glass_columns_c, glass_columns_c,
          makhleb_heckhound_becter
D:3:      uniq_grinder, uniq_robin, uniq_jessica
D:4:      minmay_temple_entry_from_below_a, first_bread

Action                   || total
-------------------------++-------
Melee: Dagger            ||    17
 Fire: Blowgun           ||    10
 Stab: Sleeping          ||     3
